 Dungeon Crawl Stone Soup version 0.30-a0-341-g682706514a (webtiles) character file.

Game seed: 5713988575095549660

13136 greasedhog the Carver (level 12, -3/136 HPs)
             Began as a Merfolk Fighter on Nov 1, 2022.
             Was a High Priest of Okawaru.
             Slain by a blink frog (11 damage)
             ... on level 1 of the Lair of Beasts.
             The game lasted 00:16:16 (9640 turns).

greasedhog the Carver (Merfolk Fighter)             Turns: 9640, Time: 00:16:17

Health: -3/136     AC:  9    Str: 16    XL:     12   Next: 2%
Magic:  10/16      EV: 20    Int:  8    God:    Okawaru [*****.]
Gold:   1904       SH:  8    Dex: 24    Spells: 11/11 levels left

rFire   . . .      SeeInvis .    a - +8 demon blade (elec)
rCold   . . .      Faith    .    c - +1 buckler
rNeg    . . .      Spirit   .    M - +0 steam dragon scales
rPois   +          Reflect  .    f - +2 hat
rElec   .          Harm     .    g - scarf {rPois}
rCorr   .          Rampage  .    (no gloves)
Will    .....                    k - +0 pair of boots
Stlth   ..........               (no amulet)
HPRegen 0.42/turn                l - +6 ring of dexterity
MPRegen 0.15/turn                s - +4 ring of slaying

@: mighty, berserking, lethally poisoned (-3 -> -13), very quick
A: (nimble swimmer 2), mertail
a: Renounce Religion, Heroism, Finesse, Duel


You were on level 1 of the Lair of Beasts.
You worshipped Okawaru.
Okawaru was extremely pleased with you.
You visited 2 branches of the dungeon, and saw 11 of its levels.
You also visited: Ossuary and Bailey.

You collected 2174 gold pieces.
You spent 270 gold pieces at shops.

Inventory:

Hand Weapons
 a - a +8 demon blade of electrocution (weapon)
 b - a +2 scimitar of flaming
Armour
 c - a +1 buckler (worn)
 f - a +2 hat (worn)
 g - a scarf of poison resistance (worn)
 k - a +0 pair of boots (worn)
 M - +0 steam dragon scales (worn)
Jewellery
 l - a +6 ring of dexterity (left hand)
 s - a +4 ring of slaying (right hand)
 y - a ring of ice
 A - a ring of fire
 H - a ring of willpower
Wands
 u - a wand of mindburst (8)
Scrolls
 h - 4 scrolls of blinking
 q - 3 scrolls of brand weapon
 t - 2 scrolls of fear
 v - a scroll of silence
 w - 3 scrolls of teleportation
 z - 6 scrolls of fog
 F - 2 scrolls of amnesia
 J - a scroll of immolation
 K - a scroll of poison
 O - 5 scrolls of enchant armour
Potions
 d - 4 potions of might
 e - 2 potions of haste {unknown}
 i - 6 potions of brilliance
 j - 2 potions of berserk rage
 m - 5 potions of heal wounds
 n - 8 potions of curing
 o - 3 potions of cancellation {unknown}
 r - 5 potions of lignification
 x - 4 potions of attraction
 B - a potion of flight {unknown}
 C - 3 potions of invisibility {unknown}
 E - 2 potions of mutation {unknown}
 G - 2 potions of resistance
 I - a potion of ambrosia {unknown}
 N - 2 potions of magic {unknown}
Miscellaneous
 P - a condenser vane


   Skills:
 * Level 7.0 Fighting
 * Level 13.2 Long Blades
 - Level 5.0 Armour
 - Level 10.0 Dodging
 * Level 9.2 Stealth
 - Level 5.2 Shields
 + Level 6.5 Invocations


You had 11 spell levels left.
You didn't know any spells.
Your spell library contained the following spells:

 Spells                   Type           Power      Damage    Failure   Level
 Beastly Appendage        Tmut           0%         N/A       50%         1
 Necrotise                Necr           0%         1d4       50%         1
 Wereblood                Tmut           0%         N/A       63%         2
 Spider Form              Tmut/Pois      0%         N/A       86%         3
 Vampiric Draining        Necr           0%         2d6       86%         3
 Agony                    Necr           0%         N/A       100%        5


Dungeon Overview and Level Annotations

Branches:
Dungeon (10/15)            Temple (0/1) D:7            Lair (1/5) D:9
    Orc (0/2) D:9         Ossuary (visited)          Bailey (visited)

Altars:
Dithmenos
Elyvilon
Hepliaklqana
Okawaru
Ru
Trog

Shops:
D:3 *   D:4 !   D:5 ?(   D:6 *   D:7 *   D:9 =


Innate Abilities, Weirdness & Mutations

((You are very nimble when in or above water. (Stealth+, EV+, Speed+++)))
Your lower body shifts to a powerful aquatic tail in water.


Message History

* * * LOW HITPOINT WARNING * * *
You slice the black mamba!!
The black mamba is severely wounded.
You feel very sick. The black mamba misses you.
You slice the black mamba!!
You kill the black mamba!
Okawaru is honoured by your kill.
You feel sick.
You barely miss the water moccasin.
You feel sick. The elephant completely misses you.
The elephant trunk-slaps you but does no damage.
You barely miss the water moccasin.
The sentinel's mark upon you fades away.
You feel sick. You block the water moccasin's attack.
You slice the cane toad!!
The cane toad is almost dead.
You feel sick. The cane toad closely misses you. The elephant tramples you!
* * * LOW HITPOINT WARNING * * *
You hold your ground!
The elephant trunk-slaps you but does no damage.
You hear an angry growl.
You slash the cane toad!
Lightning courses through the cane toad!!
You kill the cane toad!
Okawaru accepts your kill.
* * * LOW HITPOINT WARNING * * *
You feel sick.
The water moccasin completely misses you.
Your Fighting skill increases to level 7!
You have reached level 12!
You slice the elephant!!
You kill the elephant!
Okawaru accepts your kill. Okawaru grants you armour!
Something appears at your feet!
You see here the +4 plate armour "Medoes" {rElec rC++ Int-3}.
* * * LOW HITPOINT WARNING * * *
You feel sick. The blink frog hits you!
You die...

...P.......#..+..........#.......
...........#..###................
...+....÷.....+.........##.....+.
...#...÷...#÷.###......###....#..
...#..........###......##.....#
...+.....FF#...##......###....##
..S#....S.....####.#.#.###...†.#
...#+.##+###..######...##.....###
..............##@###.#+##........
.............SFS†Y..............
..S...........F.FY...............
..##.##P.........................
.. ## ####.................#.####
#.......##.#####.....[...
##.....#.......#...#.....
#.....#.................
#.....#...... ....#.....


You could see 2 elephants, 2 cane toads, a blink frog and 2 water moccasins.

Vanquished Creatures
  Erica (D:8)
  An orc knight (Bailey)
  2 black mambas (Lair:1)
  An elephant (Lair:1)
  A gargoyle (D:8)
  4 cane toads (Lair:1)
  2 komodo dragons (Lair:1)
  A troll (D:9)
  2 blink frogs (Lair:1)
  12 yaks
  2 basilisks (Lair:1)
  6 steam dragons
  4 water moccasins
  A hornet zombie (Ossuary)
  10 orc warriors
  An ice beast (D:7)
  6 sky beasts
  2 ogres
  4 centaurs
  6 phantoms
  3 bullfrogs
  5 kobold brigands
  2 necrophages
  2 scorpions (D:4)
  2 wyvern zombies (Ossuary)
  3 water moccasin zombies (Ossuary)
  9 killer bees
  3 howler monkeys
  A centaur zombie (Ossuary)
  9 bullfrog zombies (Ossuary)
  7 hounds
  6 orc priests
  3 iguanas
  10 mummies (Ossuary)
  Natasha (thrice) (D:3)
  9 orc wizards
  5 killer bee zombies (Ossuary)
  An ogre zombie (D:5)
  2 howler monkey zombies (Ossuary)
  Robin (D:3)
  4 gnolls (D:9)
  5 adders
  A shadow imp (D:6)
  A white imp (D:6)
  A worm (D:3)
  A dart slug (D:4)
  48 orcs
  7 bats
  6 endoplasms
  5 giant cockroaches
  21 goblins
  7 hobgoblins
  9 jackals
  5 quokkas
  5 ball pythons
  3 frilled lizards (D:1)
  28 kobolds
  5 rats
317 creatures vanquished.

Vanquished Creatures (others)
  3 withered plants (Ossuary)
3 creatures vanquished.

Grand Total: 320 creatures vanquished

Notes
Turn   | Place    | Note
-------+----------+-------------------------------------------
     0 | D:1      | greasedhog the Merfolk Fighter began the quest for the Orb.
     0 | D:1      | Reached XP level 1. HP: 18/18 MP: 1/1
    46 | D:1      | Reached skill level 1 in Dodging
    46 | D:1      | Reached XP level 2. HP: 24/24 MP: 2/2
   175 | D:1      | Reached skill level 3 in Long Blades
   243 | D:1      | Reached XP level 3. HP: 29/30 MP: 3/3
  1224 | D:2      | Reached XP level 4. HP: 35/37 MP: 4/4
  1606 | D:3      | Noticed Natasha
  1610 | D:3      | Killed Natasha
  1611 | D:3      | Reached skill level 4 in Long Blades
  1611 | D:3      | Reached XP level 5. HP: 43/43 MP: 5/5
  1773 | D:3      | Found a faded altar of an unknown god.
  1821 | D:3      | Found Ysovu's General Store.
  1873 | D:3      | Bought a potion of curing for 42 gold pieces
  1873 | D:3      | Bought a scroll of identify for 28 gold pieces
  1878 | D:3      | Noticed Natasha
  1882 | D:3      | Killed Natasha
  2018 | D:3      | Noticed Robin
  2197 | D:3      | Killed Robin
  2198 | D:3      | Reached XP level 6. HP: 50/50 MP: 6/6
  2325 | D:3      | Found a shadowy altar of Dithmenos.
  2362 | D:3      | Noticed Natasha
  2367 | D:3      | Killed Natasha
  2368 | D:3      | Reached skill level 5 in Fighting
  2483 | D:4      | Found a sand-covered staircase.
  2493 | Ossuary  | Entered an ossuary
  2518 | Ossuary  | Reached skill level 5 in Long Blades
  2535 | Ossuary  | Reached skill level 5 in Dodging
  2535 | Ossuary  | Reached XP level 7. HP: 51/56 MP: 7/7
  2601 | Ossuary  | Reached skill level 6 in Long Blades
  2785 | Ossuary  | Reached XP level 8. HP: 59/62 MP: 8/8
  2913 | Ossuary  | Reached skill level 5 in Shields
  3046 | Ossuary  | Reached skill level 7 in Long Blades
  3265 | D:4      | Found a white marble altar of Elyvilon.
  3304 | D:4      | Found Dize's Distillery.
  3357 | D:4      | Bought a potion of degeneration for 13 gold pieces
  3424 | D:4      | Found a bloodstained altar of Trog.
  4018 | D:5      | Entered Level 5 of the Dungeon
  4056 | D:5      | Found a hazy altar of Hepliaklqana.
  4076 | D:5      | Reached skill level 8 in Long Blades
  4123 | D:5      | Reached XP level 9. HP: 65/68 MP: 9/9
  4154 | D:5      | Found Oxkeashraal's Magic Scroll Shop.
  4157 | D:5      | Found Elylohu's Antique Weapon Shop.
  4160 | D:5      | Bought a scroll of identify for 22 gold pieces
  4199 | D:5      | Found an iron altar of Okawaru.
  4204 | D:5      | Became a worshipper of Warmaster Okawaru
  4324 | D:5      | Found a transporter.
  4616 | D:5      | Found a transporter.
  5114 | D:6      | Reached skill level 1 in Invocations
  5291 | D:6      | Found Nesisky's Assorted Antiques.
  5299 | D:6      | Bought a scroll of identify for 48 gold pieces
  5309 | D:6      | Reached skill level 9 in Long Blades
  5367 | D:6      | Reached * piety under Okawaru
  6021 | D:7      | Reached skill level 1 in Stealth
  6022 | D:7      | Reached skill level 10 in Dodging
  6044 | D:7      | Found a staircase to the Ecumenical Temple.
  6255 | D:7      | Reached XP level 10. HP: 74/74 MP: 11/11
  6265 | D:7      | Reached ** piety under Okawaru
  6291 | D:7      | Found Igrium's Serpentskin Sales.
  6318 | D:7      | Bought a scarf of poison resistance for 117 gold pieces
  6618 | D:8      | Reached skill level 10 in Long Blades
  6618 | D:8      | Reached skill level 5 in Armour
  6688 | D:8      | Noticed a gargoyle
  6696 | D:8      | Killed a gargoyle
  6930 | D:8      | Found a sacrificial altar of Ru.
  6955 | D:8      | Reached *** piety under Okawaru
  6996 | D:8      | Noticed Erica
  7010 | D:8      | Killed Erica
  7011 | D:8      | Reached skill level 11 in Long Blades
  7011 | D:8      | Reached skill level 5 in Stealth
  7281 | D:8      | Reached **** piety under Okawaru
  7289 | D:8      | Reached XP level 11. HP: 41/79 MP: 14/14
  7583 | D:9      | Reached skill level 5 in Invocations
  7717 | D:9      | Reached skill level 12 in Long Blades
  7859 | D:9      | Found a staircase to the Lair.
  7906 | D:9      | Found Sucazoz's Jewellery Boutique.
  8079 | D:9      | Found a staircase to the Orcish Mines.
  8107 | D:9      | Found a flagged portal.
  8121 | Bailey   | Entered a bailey
  8330 | Bailey   | Identified 3 scrolls of acquirement
  8331 | Bailey   | Acquired 586 gold pieces
  8333 | Bailey   | Acquired 867 gold pieces
  8335 | Bailey   | Acquired a +2 demon blade of electrocution
  8341 | Bailey   | Noticed an orc knight
  8369 | Bailey   | Killed an orc knight
  8799 | D:10     | Entered Level 10 of the Dungeon
  8802 | D:10     | Noticed a skeletal warrior
  9063 | Lair:1   | Entered Level 1 of the Lair of Beasts
  9227 | Lair:1   | Reached ***** piety under Okawaru
  9347 | Lair:1   | Reached skill level 13 in Long Blades
  9640 | Lair:1   | Reached XP level 12. HP: 10/91 MP: 10/16
  9640 | Lair:1   | Identified the +4 plate armour "Medoes" {rElec rC++ Int-3}
                  | (Okawaru gifted it to you on level 1 of the Lair of Beasts)
  9640 | Lair:1   | Received a gift from Okawaru
  9640 | Lair:1   | Slain by a blink frog

Illustrated notes

Levels and vault maps discovered:
D:1:      co_arrival_random_square_maze, layout_rooms, minmay_pentomino_t2
D:2:      layout_basic, st_stairs_13
D:3:      kennysheep_goblin_castle, layout_basic, mainiacjoe_overflow_alcove_1,
          shapermc_ecumenical_altar_venn, serial_shops, shop, uniq_natasha
D:4:      layout_rooms, trog_three_pillars_becter, elyvilon_altar_4,
          lightli_ossuary_entry_decrepit_ruins, serial_shops, shop,
          kennysheep_nondescript, st_stairs_11, minivault_26
D:5:      gammafunk_cloud_chamber, layout_basic, kennysheep_mini_moat,
          mainiacjoe_overflow_catwalk, serial_shops, nicolae_shop_trees,
          nicolae_take_the_stairs, minmay_stone_trees_medium
D:6:      layout_basic, serial_shops, nicolae_shop_advertising_works
          [nicolae_subvault_shop_adworks], hangedman_decor_points,
          minmay_misc_feat_plants, chequers_avenue
D:7:      layout_loops_ring, minmay_temple_entry_statues, minmay_misc_feat_rows,
          hangedman_decor_push, guppyfry_shop_venom
D:8:      layout_basic, nicolae_overflow_hidden_temple, hangedman_misty_isle,
          uniq_erica
D:9:      layout_cave_pools, lair_entry_dummy, david_orc_3, serial_shops, shop,
          enter_bailey_7
D:10:     layout_rooms, nicolae_overflow_squiral, hangedman_feature_mirror
Lair:1:   layout_regular_city, minivault_27

Skill      XL: |  1  2  3  4  5  6  7  8  9 10 11 |
---------------+----------------------------------+-----
Dodging        | 1 2 3 4 5 6 8 10 | 10.0
Long Blades    | 3 4 5 6 8 9 11 13 | 13.2
Fighting       | 4 5 7 |  7.0
Shields        | 4 5 |  5.2
Armour         | 3 4 5 |  5.0
Invocations    | 2 4 6 |  6.5
Stealth        | 1 6 9 |  9.2

Action                   |  1- 3 |  4- 6 |  7- 9 | 10-12 || total
-------------------------+-------+-------+-------+-------++-------
Melee: Long sword        |    97 |   130 |   336 |   100 ||   663
       Tailslap          |       |     9 |     6 |     2 ||    17
       Scimitar          |       |       |       |   147 ||   147
       Demon blade       |       |       |       |   120 ||   120
Invok: Heroism           |       |       |       |     4 ||     4
       Finesse           |       |       |       |     3 ||     3
  Use: Scroll            |     2 |     5 |    12 |    11 ||    30
       Potion            |       |       |     2 |     3 ||     5
 Stab: Sleeping          |     1 |     2 |     2 |     5 ||    10
       Distracted        |       |       |     2 |       ||     2
Armor: Scale mail        |     9 |       |       |       ||     9
       Leather armour    |    16 |    54 |    58 |     1 ||   129
       Steam dragon scal |       |       |       |    57 ||    57
Dodge: Dodged            |    67 |   112 |   196 |   359 ||   734
Block: Buckler           |    36 |    55 |    88 |   168 ||   347

Table legend: (Time is in decaauts)
 A = Elapsed time spent in this place.
 B = Non-inter-level travel time spent in this place.
 C = Inter-level travel time spent in this place.
 D = Time resting spent in this place.
 E = Time spent auto-exploring this place.
 F = Levels seen in this place.
 G = Mean time per level.
                   A        B        C        D        E       F      G
               +--------+--------+--------+--------+--------+-----+--------+
         Total |   9604 |   9338 |    266 |   1061 |   6064 |  13 |  738.8 |
       Dungeon |   7854 |   7588 |    266 |    681 |   5260 |  10 |  785.4 |
          Lair |    559 |    559 |      0 |    197 |    238 |   1 |  559.0 |
       Ossuary |    733 |    733 |      0 |     77 |    392 |   1 |  733.0 |
        Bailey |    457 |    457 |      0 |    106 |    173 |   1 |  457.0 |
               +--------+--------+--------+--------+--------+-----+--------+

Top non-repeatable levels by time:
     D:8: 1277 daAuts
     D:3: 1108 daAuts
     D:5: 1010 daAuts
     D:2: 852 daAuts
     D:4: 800 daAuts
     D:6: 776 daAuts
     D:9: 746 daAuts
 Ossuary: 733 daAuts
     D:7: 714 daAuts
     D:1: 562 daAuts
  Lair:1: 559 daAuts
  Bailey: 457 daAuts
    D:10: 5 daAuts
